 Dungeon Crawl Stone Soup version 0.31.0-12-g77e489cdc1 (webtiles) character file.

Game seed: 8919504735409612138

1088 James the Apothecary (level 8, 0/72 HPs)
             Began as a Naga Alchemist on Feb 25, 2024.
             Was an Initiate of Cheibriados.
             Slain by Duvessa
             ... wielding a +0 short sword
              (3 damage)
             ... on level 5 of the Dungeon.
             The game lasted 00:33:43 (6439 turns).

James the Apothecary (Naga Alchemist)               Turns: 6439, Time: 00:33:44

Health: 0/72       AC:  4    Str: 11    XL:     8   Next: 30%
Magic:  1/14       EV: 10    Int: 18    God:    Cheibriados [......]
Gold:   330        SH:  0    Dex: 14    Spells: 1/15 levels left

rFire   . . .        a - staff of alchemy
rCold   . . .        (no shield)
rNeg    . . .        f - +1 robe
rPois   +            (no helmet)
rElec   .            (no cloak)
rCorr   .            (no gloves)
SInv    +            (no barding)
Will    +....        (no amulet)
Stlth   ++           (no ring)
HPRegen 0.32/turn    (no ring)
MPRegen 0.14/turn

%: no passive effects
@: short of breath, very slow
A: AC +2, large, see invisible, deformed body, poison resistance, slowness 2,
spit poison 1, naga tail 1
a: Spit Poison, Renounce Religion


You were on level 5 of the Dungeon.
You worshipped Cheibriados.
Cheibriados was noncommittal.
You visited 2 branches of the dungeon, and saw 6 of its levels.

You collected 330 gold pieces.

Inventory:

Hand Weapons
 b - a +0 short sword
   (You took it off a kobold on level 1 of the Dungeon)
 s - a +0 sling
   (You found it on level 2 of the Dungeon)
 w - a +0 spear
   (You found it on level 3 of the Dungeon)
 y - a +0 dagger
   (You took it off a kobold on level 1 of the Dungeon)
 C - a +0 rapier
   (You found it on level 3 of the Dungeon)
 I - a +1 heavy hand axe
   (You found it on level 3 of the Dungeon)
 W - a +0 orcbow
   (You took it off a centaur on level 5 of the Dungeon)
Missiles
 c - 48 stones
 e - 2 poisoned darts
 u - a throwing net {!f}
 P - 6 javelins
Armour
 f - a +1 robe (worn)
 i - a +0 leather armour
   (You took it off Ijyb on level 5 of the Dungeon)
 j - a +0 robe
   (You found it on level 1 of the Dungeon)
 l - a +0 robe
   (You found it on level 1 of the Dungeon)
 m - a +0 ring mail
   (You found it on level 2 of the Dungeon)
 n - a +0 leather armour
   (You took it off an orc on level 3 of the Dungeon)
 p - a +0 chain mail
   (You found it on level 2 of the Dungeon)
 q - a +0 ring mail
   (You found it on level 2 of the Dungeon)
 v - a +0 ring mail
   (You took it off an orc on level 3 of the Dungeon)
 x - a +0 leather armour
   (You took it off a hobgoblin on level 3 of the Dungeon)
 z - a +0 robe
   (You found it on level 3 of the Dungeon)
 F - a +0 ring mail
   (You found it on level 3 of the Dungeon)
 H - a +0 ring mail
   (You took it off an orc on level 3 of the Dungeon)
 J - a +0 leather armour
   (You took it off an orc priest on level 4 of the Dungeon)
 K - a +0 ring mail
   (You took it off an orc on level 4 of the Dungeon)
 L - a +0 chain mail
   (You took it off an orc on level 5 of the Dungeon)
 N - a +0 leather armour
   (You found it on level 5 of the Dungeon)
 Q - a +0 scale mail
   (You took it off an orc on level 5 of the Dungeon)
 R - a +0 robe
   (You took it off an orc wizard on level 5 of the Dungeon)
 S - a +0 robe
   (You took it off an orc wizard on level 5 of the Dungeon)
 V - a +2 robe
   (You took it off Blork the orc on level 5 of the Dungeon)
 X - a +0 ring mail
   (You found it on level 5 of the Dungeon)
Magical Staves
 a - a staff of alchemy (weapon)
   (You took it off a hobgoblin on level 3 of the Dungeon)
 T - a staff of fire
   (You found it on level 5 of the Dungeon)
Jewellery
 E - a ring of ice
   (You found it on level 3 of the Dungeon)
Wands
 t - a wand of flame (19)
   (You took it off Ijyb on level 5 of the Dungeon)
Scrolls
 h - 3 scrolls of teleportation {@r4}
 o - a scroll of enchant armour
 U - 3 scrolls of fear {unknown}
Potions
 d - 2 potions of attraction {unknown}
 g - a potion of ambrosia {unknown}
 k - a potion of mutation {unknown}
 r - 2 potions of brilliance
 A - 4 potions of might
 B - a potion of invisibility {unknown}
 D - a potion of enlightenment
 G - 2 potions of heal wounds {unknown}
 M - a potion of lignification {unknown}
 O - a potion of berserk rage {unknown}


   Skills:
 - Level 4.0 Fighting
 - Level 1.5 Dodging
 - Level 3.0 Stealth
 - Level 4.0 Spellcasting
 - Level 3.0 Conjurations
 - Level 4.0 Fire Magic
 - Level 3.0 Air Magic
 + Level 6.4 Alchemy


You had one spell level left.
You knew the following spells:

 Your Spells              Type           Power      Damage    Failure   Level
a - Sting                 Conj/Alch      100%       1d9       2%          1
b - Mercury Vapours       Alch/Air       60%        N/A       3%          2
f - Mephitic Cloud        Conj/Alch/Air  27%        N/A       9%          3
q - Sticky Flame          Fire/Alch      33%        2d7       17%         4
y - Olgreb's Toxic Radia  Alch           40%        N/A       11%         4

Your spell library contained the following spells:

 Spells                   Type           Power      Damage    Failure   Level
 Jinxbite                 Hex            6%         N/A       22%         2
 Summon Ice Beast         Ice/Summ       3%         N/A       41%         3
 Yara's Violent Unravell  Hex/Alch       11%        3d6       73%         5
 Summon Mana Viper        Hex/Summ       3%         N/A       99%         5
 Enfeeble                 Hex            1%         N/A       100%        7
 Monstrous Menagerie      Summ           1%         N/A       100%        7


Dungeon Overview and Level Annotations

Branches:
Dungeon (5/15)             Temple (1/1) D:4

Altars:
Ashenzari
Cheibriados
Dithmenos
Elyvilon
Fedhas
Gozag
Hepliaklqana
Kikubaaqudgha
Makhleb
Okawaru
Ru
Trog
Uskayaw
Vehumet
Wu Jian
Zin
The Shining One

Annotations:
D:5 1 runed translucent door, Crazy Yiuf, Duvessa


Innate Abilities, Weirdness & Mutations

Your serpentine skin is tough. (AC +2)
You have supernaturally acute eyesight. (SInv)
Armour fits poorly on your strangely shaped body.
Your system is resistant to poisons. (rPois)
You cover ground very slowly.
You can spit poison.
You have a snake-like lower body.


Message History

You are very lightly contaminated with residual magic.
Nothing appears to happen.
Duvessa hits you with a +0 short sword.
* * * LOW HITPOINT WARNING * * *
Dowan hits you but does no damage.
Unknown command.
Press: ? - help, Shift-Dir - straight line, f/p - Duvessa
Aim: Duvessa, wielding a +0 short sword and wearing a +0 leather armour (moderately wounded, fast, poisoned, 81% to hit)
You feel a surge of power!
The sting hits Duvessa but does no damage.
Duvessa looks even sicker.
Duvessa hits you but does no damage. Dowan hits you but does no damage.
Duvessa hits you with a +0 short sword.
* * * LOW HITPOINT WARNING * * *
Unknown command.
Press: ? - help, Shift-Dir - straight line, f/p - Duvessa
Aim: Duvessa, wielding a +0 short sword and wearing a +0 leather armour (moderately wounded, fast, very poisoned, 81% to hit)
You feel a surge of power!
The sting hits Duvessa.
Duvessa looks even sicker.
Duvessa misses you. Dowan hits you but does no damage.
Unknown command.
Press: ? - help, v - describe, . - travel
Here: Duvessa, wielding a +0 short sword and wearing a +0 leather armour (heavily wounded, fast, very poisoned)
The floor.
Unknown command.
You kill Dowan!
Cheibriados appreciates the change of pace.
Duvessa screams in rage.
Duvessa goes berserk!
Duvessa hits you with a +0 short sword.
* * * LOW HITPOINT WARNING * * *
Duvessa hits you with a +0 short sword!
* * * LOW HITPOINT WARNING * * *
Unknown command.
Press: ? - help, Dir - move target, p - Duvessa You feel a surge of power!
Fumes of mercury billow through the air!
Duvessa looks weaker.
Duvessa hits you with a +0 short sword!
* * * LOW HITPOINT WARNING * * *
Unknown command.
Press: ? - help, Shift-Dir - straight line You feel a surge of power!
The sting hits Duvessa but does no damage.
Duvessa looks even sicker.
Duvessa hits you but does no damage. Duvessa hits you with a +0 short sword.
* * * LOW HITPOINT WARNING * * *
Your magical contamination has completely faded away.
Okay, then.
Okay, then.
Okay, then.
Press: ? - help, Shift-Dir - straight line, f - Duvessa
Aim: Duvessa, wielding a +0 short sword and wearing a +0 leather armour (heavily wounded, berserk, fast, very poisoned, weak, 69% to hit)
The splash of poison hits Duvessa.
Duvessa hits you with a +0 short sword.
You die...

#..............#.
#..............#.
#..............#.
#..............#.
#..............#.
#####..†...........##
#....).#########.....
#......#.......#.....
#...@e.'.......#.....
#......#.......#.....
#......#########.....
#####'## ######
.........# .........#
...ee....# .........#
.........#


You could see Duvessa (berserk, fast, very poisoned, weak).

Vanquished Creatures
  Prince Ribbit (D:5)
  A sky beast (D:4)
  A centaur (D:5)
  A phantom (D:4)
  Blork the orc (D:5)
  A scorpion (D:5)
  Dowan (D:5)
  A jelly (D:5)
  A bombardier beetle (D:5)
  An orc priest (D:4)
  A hound (D:5)
  4 iguanas
  A sleepcap (D:5)
  Ijyb (D:5)
  2 orc wizards (D:5)
  2 adders
  A shadow imp (D:5)
  3 dart slugs
  2 ribbon worms (D:2)
  12 orcs
  7 bats
  11 endoplasms
  2 giant cockroaches (D:2)
  3 goblins
  8 hobgoblins
  5 jackals
  6 quokkas
  7 ball pythons
  4 frilled lizards
  10 kobolds
  5 rats
107 creatures vanquished.

Vanquished Creatures (collateral kills)
  A jelly (D:4)
1 creature vanquished.

Grand Total: 108 creatures vanquished

Notes
Turn   | Place    | Note
-------+----------+-------------------------------------------
     0 | D:1      | James the Naga Alchemist began the quest for the Orb.
     0 | D:1      | Reached XP level 1. HP: 15/15 MP: 3/3
   115 | D:1      | Reached skill level 1 in Fighting
   165 | D:1      | Reached XP level 2. HP: 25/25 MP: 3/5
   189 | D:1      | Learned a level 2 spell: Mercury Vapours
   594 | D:1      | Reached XP level 3. HP: 31/32 MP: 3/6
   631 | D:1      | Learned a level 3 spell: Mephitic Cloud
  1324 | D:2      | Reached skill level 1 in Air Magic
  1470 | D:2      | Reached skill level 4 in Alchemy
  1784 | D:2      | Reached XP level 4. HP: 39/39 MP: 2/7
  2532 | D:3      | Found a blossoming altar of Fedhas.
  3228 | D:3      | Found an ancient bone altar of Kikubaaqudgha.
  3419 | D:3      | Reached XP level 5. HP: 46/46 MP: 6/8
  3702 | D:4      | Noticed a phantom
  3714 | D:4      | Killed a phantom
  3715 | D:4      | Reached XP level 6. HP: 35/56 MP: 10/10
  4283 | D:4      | Found a staircase to the Ecumenical Temple.
  4315 | D:4      | Noticed a sky beast
  4430 | D:4      | Killed a sky beast
  4825 | D:5      | Entered Level 5 of the Dungeon
  4825 | D:5      | Noticed Prince Ribbit
  4842 | D:5      | Killed Prince Ribbit
  4843 | D:5      | Reached skill level 5 in Alchemy
  4843 | D:5      | Reached XP level 7. HP: 32/64 MP: 3/12
  4983 | D:5      | Learned a level 4 spell: Sticky Flame
  4996 | D:5      | Noticed Dowan
  5041 | D:5      | Reached skill level 1 in Fire Magic
  5336 | D:5      | Noticed Ijyb
  5368 | D:5      | Killed Ijyb
  5369 | D:5      | Reached XP level 8. HP: 32/72 MP: 2/13
  5640 | D:5      | Noticed Blork the orc
  5663 | D:5      | Killed Blork the orc
  5675 | D:5      | Reached skill level 6 in Alchemy
  6116 | D:5      | Found a runed translucent door.
  6117 | D:5      | Noticed Crazy Yiuf
  6330 | D:5      | Learned a level 4 spell: Olgreb's Toxic Radiance
  6362 | Temple   | Entered the Ecumenical Temple
  6371 | Temple   | Became a worshipper of Cheibriados the Contemplative
  6417 | D:5      | Noticed Duvessa
  6436 | D:5      | Killed Dowan
  6438 | D:5      | HP: 2/72 [Duvessa/+0 short sword (4)]
  6439 | D:5      | Slain by Duvessa

Illustrated notes

Levels and vault maps discovered:
D:1:      lemuel_arrival_room, layout_basic,
          nicolae_concentric_dashed_squares_mild
D:2:      layout_basic
D:3:      layout_rooms, fedhas_ov_isle_minmay, overflow_temple_1_default,
          columned_hall_lemuel
D:4:      layout_basic, minmay_temple_entry_from_below_a,
          kennysheep_small_spiral, minmay_misc_feat_cross
D:5:      layout_gridville, nicolae_ossuary_entry_monument,
          uniq_crazy_yiuf_cottage, uniq_duvessa, uniq_blork_the_orc,
          uniq_prince_ribbit1, uniq_ijyb
Temple:   hellmonk_temple_two_chambers

Skill      XL: |  1  2  3  4  5  6  7  8 |
---------------+-------------------------+-----
Fighting       | 1 2 3 4 |  4.0
Air Magic      | 1 2 3 |  3.0
Alchemy        | 4 5 6 |  6.4
Conjurations   | 2 3 |  3.0
Spellcasting   | 3 4 |  4.0
Fire Magic     | 3 4 |  4.0
Dodging        | |  1.5
Stealth        | |  3.0

Action                     |  1- 3 |  4- 6 |  7- 9 || total
---------------------------+-------+-------+-------++-------
  Melee: Unarmed           |     5 |       |       ||     5
         Dagger            |    13 |       |       ||    13
         Short sword       |    35 |    51 |    38 ||   124
         Staff             |       |    10 |    17 ||    27
         Hand axe          |       |     7 |       ||     7
         Punch             |       |     1 |     3 ||     4
   Cast: Sting             |    55 |    66 |    55 ||   176
         Mercury Vapours   |     6 |     9 |    13 ||    28
         Olgreb's Toxic Ra |       |       |     1 ||     1
Ability: Spit Poison       |       |       |     1 ||     1
    Use: Scroll            |       |     9 |     4 ||    13
         Potion            |       |       |     2 ||     2
   Stab: Sleeping          |     2 |       |       ||     2
 Armour: Robe              |    32 |    73 |   112 ||   217
  Dodge: Dodged            |    24 |    52 |    48 ||   124
